 Dungeon Crawl Stone Soup version 0.31.0-12-g77e489cdc1 (webtiles) character file.

Game seed: 9827394834844974671

151 Gadfly the Trooper (level 5, -2/55 HPs)
             Began as an Oni Berserker on Feb 25, 2024.
             Was a Believer of Trog.
             Slain by Edmund
             ... wielding a +1 flail of holy wrath
              (5 damage)
             ... on level 4 of the Dungeon.
             The game lasted 00:02:47 (2583 turns).

Gadfly the Trooper (Oni Berserker)                  Turns: 2583, Time: 00:02:47

Health: -2/55      AC:  4    Str: 21    XL:     5   Next: 33%
Magic:  5/5        EV: 10    Int:  8    God:    Trog [**....]
Gold:   21         SH:  0    Dex: 10    Spells: 4/4 levels left

rFire   + . .        b - +2 spear (venom)
rCold   . . .        (no shield)
rNeg    . . .        h - +0 troll leather armour {Pargi}
rPois   .            (helmet restricted)
rElec   .            (no cloak)
rCorr   .            (gloves unavailable)
SInv    .            (boots unavailable)
Will    +....        (no amulet)
Stlth   +            c - ring of willpower
HPRegen 1.09/turn    g - ring of protection from fire
MPRegen 0.09/turn

%: no passive effects
@: no status effects
A: large, unfitting armour, horns 1, tough skin 1, double potion healing,
drunken brawling
a: Renounce Religion, Berserk, Trog's Hand


You were on level 4 of the Dungeon.
You worshipped Trog.
Trog was pleased with you.
You visited 1 branch of the dungeon, and saw 4 of its levels.

You collected 165 gold pieces.
You spent 144 gold pieces at shops.

Inventory:

Hand Weapons
 a - a +2 mace of protection
 b - a +2 spear of venom (weapon)
Armour
 h - a +0 troll leather armour (worn) {Pargi}
 l - a +0 robe of cold resistance
Jewellery
 c - a ring of willpower (left hand)
 g - a ring of protection from fire (right hand)
Scrolls
 i - a scroll of poison
Potions
 e - a potion of curing
 f - a potion of might
 j - a potion of heal wounds


   Skills:
 + Level 4.7 Fighting
 * Level 4.0 Maces & Flails
 * Level 2.0 Armour
 - Level 2.6 Dodging
 * Level 1.9 Evocations


You had 4 spell levels left.
You didn't know any spells.
Your spell library was empty.

Dungeon Overview and Level Annotations

Branches:
Dungeon (4/15)
 Temple: D:4-7

Altars:

Shops:
D:1 (

Annotations:
D:4 Edmund


Innate Abilities, Weirdness & Mutations

You are too large for most types of armour.
You have a pair of small horns on your head.
You have tough skin. (AC +1)
You gain doubled healing and magic from potions.
Whenever you drink a healing potion, you attack all around you.


Message History

Trog accepts your kill.
You reach to attack!
You completely miss Edmund. You hit Edmund but do no damage.
Edmund is poisoned.
Edmund hits you with a +1 flail of holy wrath!
You hit Edmund but do no damage.
Edmund looks as sick as possible!
You headbutt Edmund, but do no damage.
Edmund hits you with a +1 flail of holy wrath.
You hit Edmund but do no damage.
Edmund looks as sick as possible!
Edmund is lightly wounded.
Edmund closely misses you.
You closely miss Edmund. You headbutt Edmund.
Edmund is lightly wounded.
Edmund hits you with a +1 flail of holy wrath.
You hit Edmund.
Edmund looks as sick as possible!
Edmund is moderately wounded.
Edmund barely misses you.
You hit Edmund.
Edmund looks as sick as possible!
Edmund is heavily wounded.
Edmund hits you with a +1 flail of holy wrath.
You hit Edmund.
Edmund looks as sick as possible!
Edmund is heavily wounded.
Edmund hits you with a +1 flail of holy wrath!
You are too injured to fight recklessly!
You are too injured to fight recklessly!
You are too injured to fight recklessly!
You are too injured to fight recklessly!
You are too injured to fight recklessly!
You are too injured to fight recklessly!
You are too injured to fight recklessly!
Unknown command.
You are too injured to fight recklessly!
Edmund hits you with a +1 flail of holy wrath!
* * * LOW HITPOINT WARNING * * *
Found 8 stones.
Edmund says, "I might not be good at magic, but I can still kill you!"
Edmund hits you with a +1 flail of holy wrath!
* * * LOW HITPOINT WARNING * * *
Edmund hits you with a +1 flail of holy wrath.
You die...
Edmund says, "I'd like to see a scythe do that!"

.... ..# (≈≈≈≈
.... #.##..≈≈≈
..... #........
.....###........
#.....#.........
#..............
#..........##
#@..(.# .
#.@...# ...
##....#.....
#..^<.......
..........###..
............#
..##.......... .
#...[........
..............


You could see Edmund (extremely poisoned).

Vanquished Creatures
  Pargi (D:3)
  2 adders (D:2)
  A ribbon worm (D:2)
  An orc (D:3)
  3 bats
  2 endoplasms
  A giant cockroach (D:2)
  5 hobgoblins
  3 jackals
  4 quokkas
  3 ball pythons
  3 frilled lizards
  4 kobolds (D:2)
  4 rats
37 creatures vanquished.

Notes
Turn   | Place    | Note
-------+----------+-------------------------------------------
     0 | D:1      | Gadfly the Oni Berserker began the quest for the Orb.
     0 | D:1      | Reached XP level 1. HP: 24/24 MP: 1/1
    54 | D:1      | Found Hiyxytak's Antique Weapon Shop.
   264 | D:1      | Reached XP level 2. HP: 32/32 MP: 2/2
   896 | D:2      | Reached skill level 1 in Armour
   896 | D:2      | Reached skill level 1 in Evocations
   896 | D:2      | Reached XP level 3. HP: 28/39 MP: 3/3
  1027 | D:2      | Reached ** piety under Trog
  1712 | D:3      | Identified the +0 leather armour of Disguise {Rampage rF-
                  | Regen+ rCorr}
  1748 | D:3      | Noticed Pargi
  1757 | D:3      | Killed Pargi
  1758 | D:3      | Reached XP level 4. HP: 31/49 MP: 4/4
  1758 | D:3      | Reached XP level 5. HP: 35/55 MP: 5/5
  2472 | D:1      | Bought a glowing mace for 144 gold pieces
  2570 | D:4      | Noticed Edmund
  2582 | D:4      | HP: 2/55 [Edmund/+1 flail of holy wrath (14)]
  2583 | D:4      | Slain by Edmund

Illustrated notes

Levels and vault maps discovered:
D:1:      amcnicky_arrival_blooded_trapdoor, layout_basic, serial_shops,
          nicolae_diamond_shop
D:2:      layout_basic, minmay_indecisive_spiral
D:3:      layout_loops_cross, uniq_pargi
D:4:      layout_cave_pools, mainiacjoe_overflow_catwalk, kennysheep_little_box,
          amethyst_overflow_temple_binary, uniq_edmund, uniq_blork_the_orc

Skill      XL: |  1  2  3 |
---------------+----------+-----
Armour         | 1 2 |  2.0
Evocations     | 1 |  1.9
Maces & Flails | 4 |  4.0
Fighting       | |  4.7
Dodging        | |  2.6

Action                     |  1- 3 |  4- 6 || total
---------------------------+-------+-------++-------
  Melee: Mace              |    33 |       ||    33
         Headbutt          |     2 |     3 ||     5
         Spear             |    53 |    24 ||    77
    Use: Scroll            |     7 |     3 ||    10
   Stab: Sleeping          |     1 |       ||     1
 Armour: Animal skin       |    64 |       ||    64
         Troll leather arm |       |    12 ||    12
  Dodge: Dodged            |    53 |     7 ||    60
